 Dungeon Crawl Stone Soup version 0.21-a0-476-gd103f4b (webtiles) character file.

104 theanonym the Poker (level 4, -3/37 HPs)
             Began as a Hill Orc Gladiator on Nov 22, 2017.
             Killed from afar by Natasha (7 damage)
             ... with a magic dart
             ... on level 2 of the Dungeon.
             The game lasted 00:02:11 (2084 turns).

theanonym the Poker (Hill Orc Gladiator)            Turns: 2084, Time: 00:02:12

Health: -3/37      AC:  1    Str: 18    XL:     4   Next: 80%
Magic:  4/4        EV:  9    Int:  8    God:
Gold:   81         SH:  0    Dex: 12    Spells: 3/3 levels left

rFire    . . .     SeeInvis .   a - +0 trident
rCold    . . .     Gourm    .   (no shield)
rNeg     . . .     Faith    .   i - +0 leather armour
rPois    .         Spirit   .   c - +0 helmet
rElec    .         Reflect  .   (no cloak)
rCorr    .         Harm     .   (no gloves)
MR       .....                  (no boots)
Stlth    +.........             (no amulet)
HPRegen  0.12/turn              k - -4 ring of strength (curse)
MPRegen  0.09/turn              l - -3 ring of protection (curse)

@: mighty, slowed, constricted, very slow
A: no striking features
a: no special abilities


   Skills:
 - Level 2.4 Fighting
 + Level 5.9 Polearms
 - Level 1.7 Throwing
 - Level 2.4 Dodging


You had 3 spell levels left.
You didn't know any spells.

Skill      XL: |  1  2  3 |
---------------+----------+-----
Polearms       | 4 5 |  5.9
Fighting       | |  2.4
Throwing       | |  1.7
Dodging        | |  2.4

Action                   |  1- 3 |  4- 6 || total
-------------------------+-------+-------++-------
Melee: Trident           |    81 |    53 ||   134
Throw: Throwing net      |       |     3 ||     3
  Use: Scroll            |     3 |     2 ||     5
       Potion            |       |     1 ||     1
 Stab: Sleeping          |     1 |       ||     1
       Held in net/web   |       |     1 ||     1
  Eat: Chunk             |       |     3 ||     3
Armor: Leather armour    |    18 |     4 ||    22
Dodge: Dodged            |    44 |    25 ||    69

Inventory:

Hand Weapons
 a - a +0 trident (weapon)
Armour
 c - a +0 helmet (worn)
 i - a +0 leather armour (worn)
Jewellery
 k - a cursed -4 ring of strength (left hand)
   (You found it on level 1 of the Dungeon)
 l - a cursed -3 ring of protection (right hand)
   (You found it on level 2 of the Dungeon)
Scrolls
 b - a scroll of blinking
 e - a scroll of immolation
 t - a scroll of teleportation {!r}
Potions
 j - a potion of might
Comestibles
 f - a bread ration
 h - 2 royal jellies

Dungeon Overview and Level Annotations

Branches:
Dungeon (2/15)

Altars:

Annotations:
D:2 Natasha


You were on level 2 of the Dungeon.
You were hungry.

You visited 1 branch of the dungeon, and saw 2 of its levels.

You collected 81 gold pieces.


Message History

You start resting.
You are feeling very hungry.
You regained 15 hp, and now have 24/37 hp.
You start resting.
Health restored: 37 You see here a bat skeleton.
You now have 81 gold pieces (gained 10).
j - 2 potions of might (gained 1)
t - a scroll of teleportation {!r} You open the door.
There is an open door here.
A leopard gecko comes into view.
A leopard gecko is nearby!
A leopard gecko is nearby!
A leopard gecko is nearby!
Okay, then.
The leopard gecko hisses angrily.
The leopard gecko moves out of view.
No target in view!
No target in view!
No target in view!
No target in view!
You hit the leopard gecko. The leopard gecko closely misses you.
You closely miss the leopard gecko. The leopard gecko bites you.
You take 3 damage, and have 34/37 hp.
You closely miss the leopard gecko.
The leopard gecko bites you but does no damage.
You barely miss the leopard gecko. The leopard gecko barely misses you.
You barely miss the leopard gecko. The leopard gecko closely misses you.
The leopard gecko barely misses you.
You hit the leopard gecko.
You kill the leopard gecko!
No target in view!
No target in view!
No target in view!
You start resting.
Health restored: 37 You butcher the leopard gecko corpse.
d - a chunk of flesh You see here a leopard gecko skeleton. x2
Eating a chunk of flesh.
You eat the chunk of flesh.
You are feeling hungry.
You see here a leopard gecko skeleton.
There is an open door here.
You see here a bat skeleton.
There is a stone staircase leading down here.
You see here a club.
A ball python and Natasha come into view.
Natasha hisses angrily.
The ball python hisses angrily.
Found a dagger.
There are monsters nearby!
There are monsters nearby!
There are monsters nearby!
There are monsters nearby!
There are monsters nearby!
Firing (i - inventory): No suitable missiles.
Aim: Natasha
Okay, then.
Okay, then.
Unknown command.
You closely miss Natasha. Natasha claws you!
You take 8 damage, and have 29/37 hp.
MASSIVE DAMAGE!!
You barely miss Natasha. Natasha claws you!
You take 7 damage, and have 22/37 hp.
You feel very mighty all of a sudden. Natasha barely misses you.
You closely miss Natasha.
Natasha stares at you and mumbles some strange words.
You feel yourself slow down.
You closely miss Natasha. The ball python closely misses you.
The ball python grabs you. The ball python constricts you.
Natasha claws you but does no damage. The ball python bites you.
The ball python constricts you.
Natasha stares at you and mumbles some strange words.
The magic dart hits you!
* * * LOW HITPOINT WARNING * * *
You take 13 damage, and have 10/37 hp.
MASSIVE DAMAGE!!
You puncture Natasha! The ball python barely misses you.
The ball python constricts you. Natasha claws you.
* * * LOW HITPOINT WARNING * * *
The ball python bites you.
* * * LOW HITPOINT WARNING * * *
The ball python constricts you.
You take 4 damage, and have 6/37 hp.
You hit Natasha.
The ball python bites you but does no damage.
* * * LOW HITPOINT WARNING * * *
The ball python constricts you.
Natasha drinks a potion.
Natasha is healed!
The ball python barely misses you.
* * * LOW HITPOINT WARNING * * *
The ball python constricts you.
Natasha stares at you and mumbles some strange words.
You feel as though you will be slow longer.
You take 2 damage, and have 4/37 hp.
You closely miss Natasha.
The ball python bites you but does no damage.
The ball python constricts you. Natasha casts a spell at you.
The magic dart hits you!
You die...

######.##### #.#...#
#.......<.# #......
#.###.###.# ## ###...#
#.....# #.# ). #..##
#..######># .# ...
#.........# .# # #...
###.#.###### .#.##
###....##########h...###
.......)........@S......
.##.....#########....###
.##.#...# .#.##
.##..#..# .# # .###.#..#
.. .###.#..# ##
........# ....>...#
####.####


You could see Natasha and a ball python.

Notes
Turn   | Place    | Note
-------+----------+-------------------------------------------
     0 | D:1      | theanonym the Hill Orc Gladiator began the quest for the Orb.
     0 | D:1      | Reached XP level 1. HP: 18/18 MP: 1/1
    49 | D:1      | Reached XP level 2. HP: 23/25 MP: 2/2
    95 | D:1      | Reached skill level 4 in Polearms
   484 | D:1      | Reached XP level 3. HP: 30/30 MP: 3/3
   900 | D:2      | Noticed Natasha
   910 | D:2      | Killed Natasha
   910 | D:2      | Reached skill level 5 in Polearms
   972 | D:2      | HP: 14/30 [orc/mace (5)]
   975 | D:2      | Reached XP level 4. HP: 17/37 MP: 4/4
   979 | D:2      | HP: 12/37 [orc (5)]
  1451 | D:2      | Noticed Natasha
  1462 | D:2      | HP: 12/37 [white imp/puff of frost[Natasha] (12)]
  1465 | D:2      | Killed Natasha
  1700 | D:2      | HP: 17/37 [adder (3)]
  1706 | D:2      | HP: 14/37 [poisoned by an adder]
  1712 | D:2      | HP: 12/37 [poisoned by an adder]
  1720 | D:2      | HP: 10/37 [poisoned by an adder]
  1728 | D:2      | HP: 9/37 [poisoned by an adder]
  2076 | D:2      | Noticed Natasha
  2081 | D:2      | HP: 10/37 [Natasha/magic dart (10)]
  2083 | D:2      | HP: 4/37 [ball python (1)]
  2084 | D:2      | Killed from afar by Natasha

Vanquished Creatures
  Natasha (twice) (D:2)
  An adder (D:2)
  3 dart slugs (D:1)
  A leopard gecko (D:2)
  An orc (D:2)
  2 ball pythons
  2 giant cockroaches (D:1)
  3 goblins
  4 hobgoblins
  2 jackals (D:1)
  A quokka (D:2)
  5 bats
  3 frilled lizards
  4 kobolds (D:1)
  4 rats
38 creatures vanquished.
